 Dungeon Crawl Stone Soup version 0.31-a0-819-gf6de2f5ab6 (webtiles) character file.

Game seed: 8334407663730975326

706 qw the Shooter (level 7, -3/44 HPs)
             Began as a Gargoyle Hunter on Sept 23, 2023.
             Slain by an orc
             ... wielding a +0 falchion
              (4 damage)
             ... on level 5 of the Dungeon.
             The game lasted 00:01:52 (3975 turns).

qw the Shooter (Gargoyle Hunter)                    Turns: 3975, Time: 00:01:53

Health: -3/44      AC: 14    Str: 15    XL:     7   Next: 67%
Magic:  0/7        EV: 11    Int:  9    God:
Gold:   190        SH:  0    Dex: 15    Spells: 6/6 levels left

rFire   . . .        Y - +0 shortbow
rCold   . . .        (shield currently unavailable)
rNeg    + . .        j - +0 ring mail
rPois   inf          k - +0 helmet
rElec   +            m - +0 cloak
rCorr   .            f - +0 pair of gloves
SInv    .            g - +0 pair of boots
Will    .....        e - amulet of guardian spirit
Stlth   +            (no ring)
HPRegen 0.27/turn    (no ring)
MPRegen 0.10/turn

%: guardian spirit
@: no status effects
A: sickness immunity, AC +4, negative energy resistance 1, electricity
resistance, torment resistance 1, petrification resistance
a: no special abilities


You were on level 5 of the Dungeon.
You visited 1 branch of the dungeon, and saw 5 of its levels.

You collected 190 gold pieces.


Innate Abilities, Weirdness & Mutations

You are immune to sickness and miasma.
Your stone body is resilient. (AC +4)
You are immune to poison.
You resist negative energy. (rN+)
You are resistant to electric shocks. (rElec)
You are resistant to unholy torment.
You are immune to petrification.


   Skills:
 - Level 4.6 Fighting
 - Level 7.8 Ranged Weapons
 + Level 1.3 Armour
 - Level 2.4 Dodging
 - Level 1.1 Stealth


You had 6 spell levels left.
You didn't know any spells.
Your spell library was empty.

Inventory:

Hand Weapons
 Y - a +0 shortbow (weapon)
Armour
 f - a +0 pair of gloves (worn)
 g - a +0 pair of boots (worn)
 j - a +0 ring mail (worn)
 k - a +0 helmet (worn)
 m - a +0 cloak (worn)
Jewellery
 e - an amulet of guardian spirit (around neck)
Potions
 a - a potion of curing {unknown}
 b - a potion of brilliance {unknown}
 d - a potion of haste
 h - a potion of invisibility {unknown}
 l - a potion of might {unknown}

Dungeon Overview and Level Annotations

Branches:
Dungeon (5/15)
 Temple: D:4-7

Altars:
Uskayaw
Vehumet
Xom

Annotations:
D:4 1 runed translucent door, Crazy Yiuf


Message History

The orc warrior is almost dead.
The orc completely misses you.
The orc warrior hits you with a +0 flail!
The orc hits you but does no damage. x2
You shoot an arrow.
The arrow hits the orc warrior but does no damage.
The orc warrior is almost dead.
The orc warrior hits you but does no damage.
The orc hits you but does no damage. The orc barely misses you. x2
You shoot an arrow.
The arrow closely misses the orc warrior.
The orc hits you with a +0 club. The orc closely misses you.
The orc hits you but does no damage.
The orc warrior hits you with a +0 flail.
You shoot an arrow.
The arrow hits the orc warrior but does no damage.
The orc warrior is almost dead.
The orc hits you but does no damage. The orc closely misses you.
The orc barely misses you.
The orc warrior hits you but does no damage.
You shoot an arrow.
The arrow hits the orc warrior but does no damage.
The orc warrior is almost dead.
The orc warrior hits you but does no damage.
The orc barely misses you. The orc closely misses you. x2
You shoot an arrow.
The arrow hits the orc warrior but does no damage.
The orc warrior is almost dead.
The orc hits you but does no damage.
The orc warrior hits you with a +0 flail.
The orc hits you but does no damage. The orc barely misses you.
You shoot an arrow.
The arrow barely misses the orc warrior.
The orc barely misses you. The orc hits you but does no damage.
The orc warrior hits you with a +0 flail!
The orc barely misses you.
You shoot an arrow.
The arrow closely misses the orc warrior.
The orc hits you with a +0 falchion.
You die...

#[......#
#<.# ##.##
#..#
#..######
##......##
#.........
###.....####
#.o@...##
#.$.ooo.##
###..)###
#.### #. ..
..# ...


You could see an orc warrior and 3 orcs.

Vanquished Creatures
  Menkaure (D:4)
  A sky beast (D:3)
  A black bear (D:4)
  A scorpion (D:4)
  A hound (D:4)
  An orc priest (D:3)
  A jelly (D:4)
  An iguana (D:4)
  Ijyb (D:4)
  Natasha (D:3)
  Robin (D:3)
  4 adders
  An ufetubus (D:3)
  3 worms
  2 dart slugs (D:1)
  3 orcs
  8 bats
  10 endoplasms
  2 giant cockroaches (D:1)
  22 goblins
  12 hobgoblins
  6 jackals
  A quokka (D:4)
  10 ball pythons
  4 frilled lizards
  4 kobolds
  7 rats
110 creatures vanquished.

Notes
Turn   | Place    | Note
-------+----------+-------------------------------------------
     0 | D:1      | qw the Gargoyle Hunter began the quest for the Orb.
     0 | D:1      | Reached XP level 1. HP: 12/12 MP: 1/1
     0 | D:1      | 0 ||| qw: Version: 0.3-a-83-gcd0e7d8
     0 | D:1      | 0 ||| qw: Game counter: 1392
     0 | D:1      | 0 ||| qw: Melee chars always use a shield: true
     0 | D:1      | 0 ||| qw: God list: Okawaru
     0 | D:1      | 0 ||| qw: Allow faded altars: false
     0 | D:1      | 0 ||| qw: Do Orc after clearing Dungeon:15 true
     0 | D:1      | 0 ||| qw: Do second Lair branch before Depths: true
     0 | D:1      | 0 ||| qw: Lair rune preference: random
     0 | D:1      | 0 ||| qw: Goals: Normal
     0 | D:1      | 0 ||| PLANNING D:1-11
     1 | D:1      | Found a shimmering altar of Xom.
    70 | D:1      | Reached XP level 2. HP: 17/17 MP: 2/2
   406 | D:1      | Reached XP level 3. HP: 21/21 MP: 3/3
   419 | D:1      | Reached skill level 5 in Ranged Weapons
   808 | D:1      | 808 ||| UPGRADING to +0 pair of gloves.
   813 | D:1      | 813 ||| UPGRADING to +0 pair of boots.
   824 | D:1      | 824 ||| READING scroll labelled BAMES UQUSIRU.
   828 | D:1      | 828 ||| DRINKING 2 bubbling brown potions.
   829 | D:1      | 829 ||| DROPPING scroll of butterflies.
   852 | D:2      | 852 ||| STAIRDANCE
   883 | D:2      | 883 ||| STAIRDANCE
  1187 | D:2      | Found a shimmering altar of Xom.
  1199 | D:2      | Reached skill level 3 in Fighting
  1219 | D:2      | Found a faded altar of an unknown god.
  1270 | D:2      | Reached skill level 1 in Armour
  1270 | D:2      | Reached XP level 4. HP: 28/28 MP: 4/4
  1465 | D:2      | 1465 ||| UPGRADING to amulet of guardian spirit.
  1470 | D:2      | 1470 ||| READING 2 scrolls labelled GATYKAE XIETT.
  1483 | D:2      | 1483 ||| READING scroll labelled TOEGIV HOFEIWN.
  1484 | D:2      | 1484 ||| DROPPING scroll of torment.
  1609 | D:3      | Found a radiant altar of Vehumet.
  1643 | D:3      | 1643 ||| FLEEEEING.
  1707 | D:3      | Identified the +3 dagger of Expedience {pain, Dex+3}
  1756 | D:3      | Noticed Robin
  1768 | D:3      | Killed Robin
  1858 | D:3      | Reached XP level 5. HP: 32/32 MP: 5/5
  2083 | D:3      | Noticed Natasha
  2088 | D:3      | Killed Natasha
  2089 | D:3      | Reached skill level 6 in Ranged Weapons
  2374 | D:3      | 2374 ||| UPGRADING to +0 helmet.
  2379 | D:3      | 2379 ||| READING scroll labelled QIQAATHIYKI.
  2380 | D:3      | 2380 ||| READING scroll labelled UCVIEPL KESOICS.
  2413 | D:4      | 2413 ||| STAIRDANCE
  2430 | D:4      | 2430 ||| STAIRDANCE
  2436 | D:3      | HP: 8/32 [orc/+0 club (2)]
  2437 | D:3      | 2437 ||| READING 2 scrolls of teleportation.
  2562 | D:4      | Noticed a sky beast
  2567 | D:4      | 2567 ||| STAIRDANCE
  2579 | D:3      | Killed a sky beast
  2580 | D:3      | Reached XP level 6. HP: 36/39 MP: 6/6
  2590 | D:4      | 2590 ||| STAIRDANCE
  2625 | D:4      | 2625 ||| STAIRDANCE
  2639 | D:4      | 2639 ||| STAIRDANCE
  2800 | D:4      | Noticed Menkaure
  2805 | D:4      | Killed Menkaure
  2806 | D:4      | Reached skill level 7 in Ranged Weapons
  2806 | D:4      | Reached XP level 7. HP: 37/44 MP: 5/7
  2851 | D:4      | Found a shimmering altar of Xom.
  2874 | D:4      | Found a runed translucent door.
  2875 | D:4      | Noticed Crazy Yiuf
  3103 | D:4      | Noticed Ijyb
  3122 | D:4      | HP: 11/44 [Ijyb/+0 club (1)]
  3123 | D:4      | 3123 ||| READING 2 scrolls of teleportation.
  3129 | D:4      | HP: 10/44 [hound (3)]
  3130 | D:4      | 3130 ||| READING scroll of teleportation.
  3269 | D:4      | Found a hide-covered altar of Uskayaw.
  3639 | D:4      | 3639 ||| FLEEEEING.
  3640 | D:4      | 3640 ||| FLEEEEING.
  3696 | D:4      | 3696 ||| FLEEEEING.
  3775 | D:4      | 3775 ||| FLEEEEING.
  3819 | D:4      | Killed Ijyb
  3907 | D:4      | 3907 ||| UPGRADING to +0 ring mail.
  3917 | D:4      | 3917 ||| DROPPING +0 leather armour.
  3918 | D:4      | 3918 ||| UPGRADING to +0 cloak.
  3941 | D:5      | Entered Level 5 of the Dungeon
  3970 | D:5      | HP: 9/44 [orc warrior/+0 flail (3)]
  3974 | D:5      | HP: 1/44 [orc warrior/+0 flail (6)]
  3975 | D:5      | Slain by an orc

Levels and vault maps discovered:
D:1:      sevenhm_arrival_forest_fort_small_6, layout_basic,
          minmay_misc_feat_secret_circle, hangedman_decor_points
D:2:      layout_rooms, basic_altar, chequers_ecumenical_altar_twisty,
          minmay_goblin_outpost
D:3:      layout_basic, vehumet_altar_wand_db, uniq_natasha, uniq_robin
D:4:      layout_gridville, mainiacjoe_overflow_paths,
          overflow_temple_1_default, minmay_misc_feat_more_columns,
          grunt_ministairs_1, minmay_hedge_maze, uniq_crazy_yiuf_cottage,
          uniq_ijyb, uniq_menkaure
D:5:      layout_cave_pods, minmay_temple_entry_drinking_statues

Skill      XL: |  1  2  3  4  5  6  7 |
---------------+----------------------+-----
Ranged Weapons | 5 6 7 |  7.8
Fighting       | 3 4 |  4.6
Armour         | 1 |  1.3
Dodging        | 2 |  2.4
Stealth        | |  1.1

Action                     |  1- 3 |  4- 6 |  7- 9 || total
---------------------------+-------+-------+-------++-------
   Fire: Shortbow          |   143 |   195 |   111 ||   449
    Use: Scroll            |     1 |     5 |     2 ||     8
         Potion            |     1 |       |       ||     1
 Armour: Leather armour    |    29 |   143 |    64 ||   236
         Ring mail         |       |       |    42 ||    42
  Dodge: Dodged            |    37 |   115 |    74 ||   226

Table legend:
 A = Non-vault XP
 B = Vault XP
 C = Vault XP percentage of total XP
 D = Non-vault monster count
 E = Vault monster count
 F = Vault count percentage of total count
                 A         B        C        D         E       F
            +---------+---------+-------+---------+---------+-------
      Total |     708 |     301 |  29.8 |      84 |      26 |  23.6
            +---------+---------+-------+---------+---------+-------
        D:1 |      54 |       0 |   0.0 |      33 |       0 |   0.0
        D:2 |      39 |      18 |  31.6 |      13 |       9 |  40.9
        D:3 |     251 |      73 |  22.5 |      24 |      14 |  36.8
        D:4 |     361 |     210 |  36.8 |      13 |       3 |  18.8
        D:5 |       3 |       0 |   0.0 |       1 |       0 |   0.0
            +---------+---------+-------+---------+---------+-------
